 Dungeon Crawl Stone Soup version 0.18.1-48-g4cf74bf (webtiles) character file.

379 djnw the Digger (level 6, -3/49 HPs)
             Began as a Naga Earth Elementalist on Aug 28, 2016.
             Slain by a worker ant (6 damage)
             ... on level 4 of the Dungeon.
             The game lasted 00:09:50 (2845 turns).

djnw the Digger (Naga Earth Elementalist)           Turns: 2845, Time: 00:09:51

Health: -3/49      AC:  5    Str: 11      XL:     6   Next: 74%
Magic:  1/12       EV:  9    Int: 17      God:
Gold:   162        SH:  0    Dex:  9 (11) Spells: 3 memorised, 5 levels left

rFire  . . .     SeeInvis +     i - -2 mace (curse)
rCold  . . .     Gourm    .     a - +1 robe
rNeg   . . .     Faith    .     (no shield)
rPois  +         Spirit   .     l - +1 hat {MR+}
rElec  .         Dismiss  .     (no cloak)
rCorr  .         Reflect  .     (no gloves)
SustAt .         Harm     .     (no barding)
MR     +....     Rnd*Tele +     (no amulet)
Stlth  ++........               (no ring)
                                m - ring of teleportation (curse)

@: very slow, somewhat resistant to hostile enchantments, unstealthy
A: see invisible, deformed body, poison resistance, slowness 2, slow metabolism
1, spit poison 2, AC +2
a: Spit Poison


You were on level 4 of the Dungeon.
You were hungry.

You visited 1 branch of the dungeon, and saw 4 of its levels.

You collected 162 gold pieces.

Inventory:

Hand Weapons
 i - a cursed -2 mace (weapon)
 k - a +0 spear
 n - a +1 war axe of freezing
Missiles
 b - 68 stones (quivered)
Armour
 a - a +1 robe (worn)
 l - a +1 hat of magic resistance (worn)
Jewellery
 m - a cursed ring of teleportation (left hand)
Scrolls
 e - 2 scrolls of teleportation
 g - 2 scrolls of amnesia
Books
 c - a book of Geomancy

   Spells                             Type                      Level
   a - Sandblast                      Earth                        1
   b - Passwall                       Transmutation/Earth          2
   c - Stone Arrow                    Conjuration/Earth            3
   d - Petrify                        Transmutation/Earth          4
   e - Lee's Rapid Deconstruction     Earth                        5
Comestibles
 d - 2 bread rations
 f - 10 chunks of flesh
 h - 2 meat rations
 j - a slice of pizza


   Skills:
 - Level 1.5 Dodging
 - Level 3.0 Stealth
 * Level 4.3 Spellcasting
 + Level 2.0 Conjurations
 + Level 1.9 Transmutations
 * Level 5.2 Earth Magic


You had 5 spell levels left.
You knew the following spells:

 Your Spells              Type           Power        Failure   Level  Hunger
a - Sandblast             Erth           ###...       1%          1    None
b - Stone Arrow           Conj/Erth      ###...       12%         3    ###....
c - Petrify               Trmt/Erth      ###.....     38%         4    ####...


Dungeon Overview and Level Annotations

Branches:
Dungeon (4/15)
 Temple: D:4-7

Altars:
Okawaru
Ru
Yredelemnul
Zin


Innate Abilities, Weirdness & Mutations

You cannot wear boots.
Your serpentine skin is tough (AC +2).
You have supernaturally acute eyesight.
Armour fits poorly on your strangely shaped body.
Your system is resistant to poisons.
You cover ground very slowly.
You have a slow metabolism.
You can spit poison.


Message History

The worker ant is moderately wounded.
The worker ant is no longer petrified.
You feel sick. The worker ant bites you.
* * * LOW HITPOINT WARNING * * *
The worker ant bites you.
* * * LOW HITPOINT WARNING * * *
The worker ant bites you but does no damage.
Press: ? - help, Shift-Dir - straight line, f/p - worker ant
Aim: a worker ant (moderately wounded)
The splash of poison hits the worker ant.
The worker ant is heavily wounded.
You feel slightly more hungry. The worker ant bites you.
* * * LOW HITPOINT WARNING * * *
The worker ant barely misses you.
You feel sick.
You are no longer poisoned.
The worker ant bites you but does no damage.
You have got your breath back.
The worker ant bites you.
You die...

#########
#..........
+..........+
#..........#
#..........#
#..........#
#@.........##
#.a..........
#..........#
#..........#
#.##########
#.# #.# #.#
...


You could see a worker ant.

Vanquished Creatures
  An ogre (D:4)
  A centaur skeleton (D:4)
  Jessica (D:2)
  Ijyb (D:2)
  7 gnolls
  6 adders
  An ooze (D:2)
  2 dart slugs
  A worm (D:2)
  2 giant geckos
  11 orcs
  2 ball pythons
  8 bats
  4 giant cockroaches
  2 goblins
  6 hobgoblins
  5 jackals
  2 quokkas
  2 giant newts
  9 kobolds
  5 rats
79 creatures vanquished.

Notes
Turn   | Place    | Note
--------------------------------------------------------------
     0 | D:1      | djnw the Naga Earth Elementalist began the quest for the Orb.
     0 | D:1      | Reached XP level 1. HP: 15/15 MP: 3/3
   182 | D:1      | Reached XP level 2. HP: 21/22 MP: 1/5
   525 | D:2      | Noticed Jessica
   529 | D:2      | Killed Jessica
   529 | D:2      | Reached XP level 3. HP: 28/28 MP: 2/7
   685 | D:2      | Noticed Ijyb
   699 | D:2      | Killed Ijyb
   699 | D:2      | Reached skill level 4 in Earth Magic
   699 | D:2      | Reached XP level 4. HP: 36/36 MP: 4/8
   763 | D:2      | Learned a level 3 spell: Stone Arrow
  1143 | D:2      | Reached skill level 1 in Conjurations
  1143 | D:2      | Reached XP level 5. HP: 27/42 MP: 5/10
  1833 | D:2      | Learned a level 4 spell: Petrify
  2004 | D:3      | Found a basalt altar of Yredelemnul.
  2008 | D:3      | Found a sacrificial altar of Ru.
  2008 | D:3      | Found an iron altar of Okawaru.
  2042 | D:3      | Found a glowing silver altar of Zin.
  2359 | D:3      | Reached XP level 6. HP: 46/49 MP: 6/11
  2773 | D:4      | Reached skill level 5 in Earth Magic
  2844 | D:4      | HP: 2/49 [poisoned by a worker ant]
  2845 | D:4      | Slain by a worker ant

Skill      XL: |  1  2  3  4  5  6 |
---------------+-------------------+-----
Spellcasting   | 3 4 |  4.3
Earth Magic    | 4 5 |  5.2
Conjurations   | 1 2 |  2.0
Dodging        | |  1.5
Stealth        | |  3.0
Transmutations | |  1.9

Action                   |  1- 3 |  4- 6 || total
-------------------------+-------+-------++-------
Melee: Whip              |     2 |     7 ||     9
       Spear             |       |    55 ||    55
       Mace              |       |     6 ||     6
Throw: Stone             |     1 |       ||     1
 Cast: Sandblast         |    15 |    62 ||    77
       Stone Arrow       |       |     2 ||     2
       Petrify           |       |     2 ||     2
 Abil: Spit Poison       |    14 |    30 ||    44
  Use: Scroll            |     1 |     6 ||     7
       Potion            |       |     3 ||     3
 Stab: Sleeping          |       |     3 ||     3
  Eat: Chunk             |       |     7 ||     7
Armor: Robe              |     2 |    30 ||    32
Dodge: Dodged            |     8 |    46 ||    54
